 Dungeon Sprint DCSS version 0.21.1-1-g345015f (webtiles) character file.

1306 raistware the Imperceptible (level 8, -8/37 HPs)
             Began as a Spriggan Assassin on Apr 17, 2018.
             Was a Believer of Dithmenos.
             Mangled by Snorg (10 damage)
             ... in the Dungeon (Sprint III: "The Ten Rune Challenge").
             The game lasted 00:08:05 (633 turns).

raistware the Imperceptible (Spriggan Assassin)      Turns: 633, Time: 00:08:05

Health: -8/37      AC:  4    Str:  7    XL:     8   Next: 32%
Magic:  9/9        EV: 17    Int: 13    God:    Dithmenos [**....]
Gold:   53         SH:  0    Dex: 19    Spells: 4/7 levels left

rFire    . . .     SeeInvis +   a - +2 dagger
rCold    . . .     Gourm    .   (shield restricted)
rNeg     . . .     Faith    .   c - +0 robe
rPois    .         Spirit   .   (helmet restricted)
rElec    .         Reflect  .   o - +1 cloak
rCorr    .         Harm     .   (gloves unavailable)
MR       +....     NoTele   +   (boots unavailable)
Stlth    ++++++++++             (no amulet)
HPRegen  0.12/turn              (no ring)
MPRegen  0.11/turn              (no ring)

@: wreathed by umbra, very quick
A: very small, unfitting armour, see invisible, herbivore, speed 3, slow
metabolism 2
a: Shadow Step, Renounce Religion


You were in the Dungeon.
You worshipped Dithmenos.
Dithmenos was pleased with you.
You were not hungry.

You visited 1 branch You collected 53 gold pieces.

Inventory:

Hand Weapons
 a - a +2 dagger (weapon)
 b - a +0 blowgun
 w - a +2 long sword of holy wrath
Missiles
 e - 8 poisoned needles
 f - a curare-tipped needle
Armour
 c - a +0 robe (worn)
 o - a +1 cloak (worn)
Scrolls
 d - a scroll of holy word {unknown}
 m - a scroll of blinking
 n - a scroll of fog {unknown}
 p - 4 scrolls of identify
 q - a scroll of remove curse {unknown}
 r - a scroll of torment {unknown}
 s - a scroll of magic mapping {unknown}
Potions
 h - 2 potions of curing
 i - a potion of heal wounds
 j - 2 potions of haste
 k - 2 potions of magic
 t - a potion of flight {unknown}
 u - 6 potions of mutation
Books
 v - a book of Misfortune

   Spells                             Type                      Level
   a - Confusing Touch                Hexes                        1
   b - Confuse                        Hexes                        3
   c - Gell's Gravitas                Translocation                3
   d - Petrify                        Transmutation/Earth          4
   e - Metabolic Englaciation         Hexes/Ice                    5
   f - Yara's Violent Unravelling     Hexes/Transmutation          5
Miscellaneous
 l - a lightning rod (1/4)
Comestibles
 g - 4 rations


   Skills:
 - Level 1.5 Fighting
 + Level 9.1 Short Blades
 - Level 2.0 Throwing
 - Level 1.5 Dodging
 + Level 22.9 Stealth


You had 4 spell levels left.
You knew the following spells:

 Your Spells              Type           Power        Failure   Level  Hunger
a - Confuse               Hex            #.......     67%         3    ####...


Dungeon Overview and Level Annotations

Branches:
Dungeon (1/1)

Altars:
Cheibriados
Dithmenos
Elyvilon
Fedhas
Gozag
Hepliaklqana
Kikubaaqudgha
Makhleb
Nemelex Xobeh
Okawaru
Qazlal
Ru
Sif Muna
Trog
Uskayaw
Vehumet
Wu Jian
Xom
Yredelemnul
Zin
The Shining One
Beogh
Jiyva
Lugonu

Shops:
D (

Annotations:
D Snorg


Innate Abilities, Weirdness & Mutations

You are very small and have problems with some larger weapons.
You are too small for most types of armour.
You have supernaturally acute eyesight. (SInv)
You are a herbivore.
You cover ground extremely quickly.
You need consume almost no food.


Message History

Dithmenos accepts your kill.
You can now step into the shadows of nearby creatures.
A goblin comes into view.
Snorg the Insatiable comes into view.
The orc warrior closely misses you.
The orc warrior suddenly complains, as Orcs often do.
There is an open door to the Orcish Mines here.
Snorg bites you. Snorg claws you! Snorg claws you.
There is an open door here.
Okay, then.
Casting: Confuse
Confirm with . or Enter, or press ? or * to list all spells.
Okay, then.
Evoke which item? (* to show all) (? for menu, Esc to quit)
Aiming: Thunderbolt
Press: ? - help, Shift-Dir - straight line Snorg bites you!
* * * LOW HITPOINT WARNING * * *
Snorg claws you!
You die...

♣
♣.#...#__)#._#$....o...
♣♣♣♣.###'#'###'##.$..ooo
# ♣....#..........#$oooo
o.#
♣♣...'.⌠........#o#o#og#
≈≈...#...######'#.$o$#
≈....#.⌠.#__#...#o#####
.....#...#__#...#o§§≈§+
.....#'###__#...#T#§§§#
.....#.))#__#...@.#§§§#
.....#___#__'...#.# #
▓▓▓▓▓▓▓▓▓▓▓▓▓▓▓▓▓▓▓


You could see Snorg, an orc warrior and an orc.

Vanquished Creatures
  A deep elf mage (D)
  A shadow (D)
  A spatial vortex (D)
  A necrophage (D)
  A water elemental (D)
  A jelly (D)
  A wizard (D)
  An orc priest (D)
  Crazy Yiuf (D)
  A necromancer (D)
  3 humans (D)
  A kobold demonologist (D)
  3 oozes (D)
  2 orcs (D)
  2 rats (D)
21 creatures vanquished.

Vanquished Creatures (others)
  2 draconian scorchers (D)
  6 hellions (D)
  A yaktaur (D)
9 creatures vanquished.

Grand Total: 30 creatures vanquished

Notes
Turn   | Place    | Note
-------+----------+-------------------------------------------
     0 | D        | raistware the Spriggan Assassin began the quest for the Orb.
     0 | D        | Reached XP level 1. HP: 10/10 MP: 2/2
     4 | D        | Reached skill level 7 in Stealth
    17 | D        | Reached skill level 8 in Stealth
    17 | D        | Reached XP level 2. HP: 10/14 MP: 3/3
    85 | D        | Killed a hellion
    86 | D        | Killed a yaktaur
    87 | D        | Killed a hellion
   106 | D        | Killed a hellion
   120 | D        | Killed a hellion
   137 | D        | Noticed Crazy Yiuf
   144 | D        | Killed Crazy Yiuf
   144 | D        | Reached skill level 10 in Stealth
   144 | D        | Reached XP level 3. HP: 18/18 MP: 4/4
   157 | D        | Killed a hellion
   214 | D        | Killed a hellion
   222 | D        | Killed a white draconian scorcher
   228 | D        | Reached skill level 11 in Stealth
   244 | D        | Killed a white draconian scorcher
   267 | D        | Noticed a water elemental
   270 | D        | Killed a water elemental
   270 | D        | Reached skill level 13 in Stealth
   270 | D        | Reached XP level 4. HP: 17/22 MP: 5/5
   334 | D        | Found a radiant altar of Vehumet.
   334 | D        | Found a deep blue altar of Sif Muna.
   334 | D        | Found an ancient bone altar of Kikubaaqudgha.
   334 | D        | Noticed a wizard
   336 | D        | Killed a wizard
   336 | D        | Reached skill level 14 in Stealth
   336 | D        | Reached XP level 5. HP: 25/25 MP: 6/6
   338 | D        | Reached skill level 5 in Short Blades
   338 | D        | Reached skill level 15 in Stealth
   349 | D        | Found a glowing silver altar of Zin.
   349 | D        | Found a glowing golden altar of the Shining One.
   349 | D        | Found a white marble altar of Elyvilon.
   350 | D        | Noticed a deep elf mage
   352 | D        | Killed a deep elf mage
   352 | D        | Reached skill level 19 in Stealth
   352 | D        | Reached XP level 6. HP: 30/30 MP: 7/7
   352 | D        | Reached XP level 7. HP: 33/33 MP: 8/8
   362 | D        | Found a hide-covered altar of Uskayaw.
   362 | D        | Found a roughly hewn altar of Beogh.
   362 | D        | Found an iron altar of Okawaru.
   362 | D        | Found a bloodstained altar of Trog.
   362 | D        | Found an ornate altar of the Wu Jian Council.
   362 | D        | Noticed a human
   362 | D        | Noticed a human
   451 | D        | Killed a human
   451 | D        | Reached skill level 20 in Stealth
   527 | D        | Killed a human
   527 | D        | Reached skill level 21 in Stealth
   565 | D        | Learned a level 3 spell: Confuse
   566 | D        | Found a basalt altar of Yredelemnul.
   566 | D        | Found a shadowy altar of Dithmenos.
   566 | D        | Found a sacrificial altar of Ru.
   583 | D        | Became a worshipper of Dithmenos the Shadowed
   589 | D        | Noticed a shadow
   591 | D        | Killed a shadow
   591 | D        | Reached skill level 22 in Stealth
   591 | D        | Reached XP level 8. HP: 37/37 MP: 9/9
   600 | D        | Found a blossoming altar of Fedhas.
   600 | D        | Found a stormy altar of Qazlal.
   600 | D        | Found a snail-covered altar of Cheibriados.
   600 | D        | Found a burning altar of Makhleb.
   600 | D        | Found a shimmering altar of Xom.
   601 | D        | Found a hazy altar of Hepliaklqana.
   601 | D        | Found an opulent altar of Gozag.
   601 | D        | Found a sparkling altar of Nemelex Xobeh.
   601 | D        | Found a corrupted altar of Lugonu.
   601 | D        | Found a viscous altar of Jiyva.
   602 | D        | Reached * piety under Dithmenos
   624 | D        | Found Pecworeh's Weapon Boutique.
   624 | D        | Noticed an orc knight
   624 | D        | Noticed an orc knight
   627 | D        | Reached ** piety under Dithmenos
   628 | D        | Noticed Snorg
   633 | D        | Mangled by Snorg

Skill      XL: |  1  2  3  4  5  6  7  8 |
---------------+-------------------------+-----
Stealth        | 8 10 13 14 19 22 | 22.9
Short Blades   | 3 4 7 8 9 |  9.1
Fighting       | |  1.5
Throwing       | |  2.0
Dodging        | |  1.5

Action                   |  1- 3 |  4- 6 |  7- 9 || total
-------------------------+-------+-------+-------++-------
Melee: Dagger            |    31 |     3 |    27 ||    61
 Fire: Blowgun           |     6 |       |    13 ||    19
Evoke: Lightning rod     |       |       |     3 ||     3
  Use: Potion            |       |       |     1 ||     1
 Stab: Sleeping          |     3 |     3 |     5 ||    11
Armor: Robe              |     1 |       |     1 ||     2
Dodge: Dodged            |    20 |       |     8 ||    28
